| TOP OF THE 1ST |
|
Staten Island Yankees batting - Pitching for Connecticut Tigers : RHP Jared Barger
|
|
Pitching: RHP Jared Barger
|
|
|
Batting: RHB Junki Nakamoto
|
0-0: Ball 1-0: Called Strike 1-1: Foul Ball, location: 2F 1-2: Strikes out swinging
|
|
Batting: LHB Joe Vida
|
0-0: Ball 1-0: Ground out 3-1 (Groundball, 34, EV 92.5 MPH)
|
|
Batting: RHB Pat Pemberton
|
0-0: Ball 1-0: Swinging Strike 1-1: Called Strike 1-2: Strikes out swinging
|
| Top of the 1st over - 0 runs, 0 hits, 0 errors, 0 left on base; Staten Island 0 - Connecticut 0 |
| BOTTOM OF THE 1ST |
|
Connecticut Tigers batting - Pitching for Staten Island Yankees : RHP Bret Davies
|
|
Pitching: RHP Bret Davies
|
|
|
Batting: RHB Emil Wilbrink
|
0-0: Bunt missed! 0-1: Foul Ball, location: 2F 0-2: Strikes out looking
|
|
Batting: LHB Bobby Adams
|
0-0: Ball 1-0: Ball 2-0: Ball 3-0: Base on Balls
|
|
Batting: LHB Claudio Kamminga
|
0-0: Ball 1-0: Grounds into double play, 6-4-3 (Groundball, 6, EV 97.5 MPH)
|
| Bottom of the 1st over - 0 runs, 0 hits, 0 errors, 0 left on base; Staten Island 0 - Connecticut 0 |
| TOP OF THE 2ND |
|
Staten Island Yankees batting - Pitching for Connecticut Tigers : RHP Jared Barger
|
|
Batting: RHB Nick Murray
|
0-0: Ground out 5-3 (Groundball, 56, EV 103.1 MPH)
|
|
Batting: SHB Josh Parker
|
0-0: Ball 1-0: Foul Ball, location: 2F 1-1: Ball 2-1: Foul Ball, location: 2F 2-2: Strikes out swinging
|
|
Batting: LHB Mike Schermerhorn
|
0-0: Ground out 5-3 (Groundball, 56, EV 84.4 MPH)
|
| Top of the 2nd over - 0 runs, 0 hits, 0 errors, 0 left on base; Staten Island 0 - Connecticut 0 |
| BOTTOM OF THE 2ND |
|
Connecticut Tigers batting - Pitching for Staten Island Yankees : RHP Bret Davies
|
|
Batting: LHB Andy Sanchez
|
0-0: Fly out, F6 (Popup, 6MS, EV 86.9 MPH)
|
|
Batting: LHB Jon Pedlar
|
0-0: Swinging Strike 0-1: Ball 1-1: Ball 2-1: Called Strike 2-2: Strikes out swinging
|
|
Batting: LHB Glen Boyle
|
0-0: Ball 1-0: Swinging Strike 1-1: Foul Ball, location: 2F 1-2: Ball 2-2: Ball 3-2: SINGLE (Groundball, 6M, EV 102.5 MPH)
|
|
Batting: RHB Jeremiah Washington
|
0-0: Ball 1-0: Fielders Choice at 2nd, 5-4 (Groundball, 5, EV 85.0 MPH)
|
| Bottom of the 2nd over - 0 runs, 1 hit, 0 errors, 1 left on base; Staten Island 0 - Connecticut 0 |
| TOP OF THE 3RD |
|
Staten Island Yankees batting - Pitching for Connecticut Tigers : RHP Jared Barger
|
|
Batting: SHB Tadaaki Kondo
|
0-0: Called Strike 0-1: Ball 1-1: Foul Ball, location: 2F 1-2: Strikes out swinging
|
|
Batting: RHB Nate Singleton
|
0-0: Ball 1-0: Foul Ball, location: 2F 1-1: Ball 2-1: Ball 3-1: Base on Balls
|
|
Batting: SHB Adam Slade
|
0-0: Called Strike Nate Singleton is caught stealing 2nd base 2-6 0-1: Ball 1-1: Foul Ball, location: 2F 1-2: Ball 2-2: SINGLE (Groundball, 6MD, EV 103.1 MPH)
|
|
Batting: RHB Junki Nakamoto
|
0-0: Foul Ball, location: 2F 0-1: Ball 1-1: Ball 2-1: Foul Ball, location: 2F 2-2: Strikes out looking
|
| Top of the 3rd over - 0 runs, 1 hit, 0 errors, 1 left on base; Staten Island 0 - Connecticut 0 |
| BOTTOM OF THE 3RD |
|
Connecticut Tigers batting - Pitching for Staten Island Yankees : RHP Bret Davies
|
|
Batting: RHB Omar del Pino
|
0-0: Ball 1-0: Foul Ball, location: 2F 1-1: SINGLE (Line Drive, 34, EV 103.8 MPH)
|
|
Batting: SHB Duri Chilemba
|
0-0: Ball 1-0: Called Strike Omar del Pino steals 2nd base (no throw) 1-1: Swinging Strike 1-2: Strikes out swinging
|
|
Batting: RHB Emil Wilbrink
|
0-0: Ball 1-0: Ball 2-0: Ground out 4-3 (Groundball, 34, EV 109.4 MPH) Omar del Pino to third
|
|
Batting: LHB Bobby Adams
|
0-0: Ball 1-0: Ball 2-0: Foul Ball, location: 2F 2-1: Ball 3-1: Base on Balls
|
|
Batting: LHB Claudio Kamminga
|
0-0: Ball Wild Pitch! Omar del Pino scores Bobby Adams to second 1-0: Foul Ball, location: 2F 1-1: Foul Ball, location: 2F 1-2: Ball 2-2: Foul Ball, location: 2F 2-2: Ball 3-2: SINGLE (Line Drive, 4D, EV 96.2 MPH) Bobby Adams to third
|
|
Batting: LHB Andy Sanchez
|
0-0: Swinging Strike 0-1: Called Strike 0-2: Foul Ball, location: 2F 0-2: Ball 1-2: Fly out, F9 (Flyball, 89D, EV 77.5 MPH)
|
| Bottom of the 3rd over - 1 run, 2 hits, 0 errors, 2 left on base; Staten Island 0 - Connecticut 1 |
| TOP OF THE 4TH |
|
Staten Island Yankees batting - Pitching for Connecticut Tigers : RHP Jared Barger
|
|
Batting: LHB Joe Vida
|
0-0: Ball 1-0: Ball 2-0: Foul Ball, location: 2F 2-1: Fly out, F7 (Flyball, 78S, EV 91.9 MPH)
|
|
Batting: RHB Pat Pemberton
|
0-0: Called Strike 0-1: Ball 1-1: Foul Ball, location: 2F 1-2: Ball 2-2: Fly out, F5 (Line Drive, 5L, EV 63.8 MPH)
|
|
Batting: RHB Nick Murray
|
0-0: Foul Ball, location: 2F 0-1: Called Strike 0-2: Ball 1-2: Ball 2-2: Ball 3-2: Foul Ball, location: 2F 3-2: Base on Balls
|
|
Batting: SHB Josh Parker
|
0-0: Ball 1-0: Swinging Strike 1-1: SINGLE (Flyball, 8RS, EV 92.5 MPH) Nick Murray to second
|
|
Batting: LHB Mike Schermerhorn
|
0-0: Ball 1-0: Called Strike 1-1: Foul Ball, location: 2F 1-2: Ball 2-2: Ball 3-2: Ground out 2-3 (Groundball, 15S, EV 72.5 MPH)
|
| Top of the 4th over - 0 runs, 1 hit, 0 errors, 2 left on base; Staten Island 0 - Connecticut 1 |
| BOTTOM OF THE 4TH |
|
Connecticut Tigers batting - Pitching for Staten Island Yankees : RHP Bret Davies
|
|
Batting: LHB Jon Pedlar
|
0-0: Swinging Strike 0-1: Ball 1-1: Called Strike 1-2: Strikes out swinging
|
|
Batting: LHB Glen Boyle
|
0-0: Ball 1-0: Called Strike 1-1: Ball 2-1: Called Strike 2-2: Ball 3-2: Foul Ball, location: 2F 3-2: Strikes out looking
|
|
Batting: RHB Jeremiah Washington
|
0-0: Swinging Strike 0-1: SINGLE (Groundball, 56D, EV 103.1 MPH)
|
|
Batting: RHB Omar del Pino
|
0-0: Ground out 2-3 (Groundball, 13S, EV 64.4 MPH)
|
| Bottom of the 4th over - 0 runs, 1 hit, 0 errors, 1 left on base; Staten Island 0 - Connecticut 1 |
| TOP OF THE 5TH |
|
Staten Island Yankees batting - Pitching for Connecticut Tigers : RHP Jared Barger
|
|
Batting: SHB Tadaaki Kondo
|
0-0: Called Strike 0-1: Ball 1-1: Called Strike 1-2: Ground out 1-3 (Groundball, 13S, EV 66.9 MPH)
|
|
Batting: RHB Nate Singleton
|
0-0: Foul Ball, location: 2F 0-1: Ball 1-1: Swinging Strike 1-2: Ball 2-2: Ground out 5-3 (Groundball, 56S, EV 74.4 MPH)
|
|
Batting: SHB Adam Slade
|
0-0: Foul Ball, location: 2F 0-1: Fly out, F1 (Line Drive, P, EV 62.5 MPH)
|
| Top of the 5th over - 0 runs, 0 hits, 0 errors, 0 left on base; Staten Island 0 - Connecticut 1 |
| BOTTOM OF THE 5TH |
|
Connecticut Tigers batting - Pitching for Staten Island Yankees : RHP Bret Davies
|
|
Pitching: RHP Chris Hodge
|
|
|
Batting: SHB Duri Chilemba
|
0-0: SINGLE (Line Drive, 4D, EV 106.2 MPH)
|
|
Batting: RHB Emil Wilbrink
|
0-0: Swinging Strike 0-1: Foul Ball, location: 2F 0-2: Ball 1-2: Strikes out swinging
|
|
Batting: LHB Bobby Adams
|
0-0: DOUBLE (Line Drive, 8RD, EV 103.8 MPH) Duri Chilemba to third
|
|
Batting: LHB Claudio Kamminga
|
0-0: Called Strike 0-1: Ball 1-1: 3-RUN HOME RUN (Flyball, 9D, EV 98.1 MPH), Distance : 393 ft
|
|
Batting: LHB Andy Sanchez
|
0-0: Called Strike 0-1: Ball 1-1: Called Strike 1-2: Foul Ball, location: 2F 1-2: Foul Ball, location: 2F 1-2: Ball 2-2: Ball 3-2: Strikes out swinging
|
|
Batting: LHB Jon Pedlar
|
0-0: Ball 1-0: Called Strike 1-1: SOLO HOME RUN (Line Drive, 9D, EV 109.4 MPH), Distance : 413 ft
|
|
Pitching: LHP John Stull
|
|
|
Batting: LHB Glen Boyle
|
0-0: Ground out 3-1 (Groundball, 34S, EV 87.5 MPH)
|
| Bottom of the 5th over - 4 runs, 4 hits, 0 errors, 0 left on base; Staten Island 0 - Connecticut 5 |
| TOP OF THE 6TH |
|
Staten Island Yankees batting - Pitching for Connecticut Tigers : RHP Jared Barger
|
|
Batting: RHB Junki Nakamoto
|
0-0: Ground out 6-3 (Groundball, 56, EV 102.5 MPH)
|
|
Batting: LHB Joe Vida
|
0-0: Ball 1-0: Ball 2-0: Ball 3-0: Base on Balls
|
|
Batting: RHB Pat Pemberton
|
0-0: Called Strike 0-1: Ball 1-1: Swinging Strike 1-2: Ball 2-2: Strikes out swinging
|
|
Batting: RHB Nick Murray
|
0-0: Ground out 1-3 (Groundball, 13, EV 71.2 MPH)
|
| Top of the 6th over - 0 runs, 0 hits, 0 errors, 1 left on base; Staten Island 0 - Connecticut 5 |
| BOTTOM OF THE 6TH |
|
Connecticut Tigers batting - Pitching for Staten Island Yankees : LHP John Stull
|
|
Batting: RHB Jeremiah Washington
|
0-0: Called Strike 0-1: SINGLE (Groundball, 4D, EV 106.9 MPH)
|
|
Batting: RHB Omar del Pino
|
Pickoff Throw to First - Out! 1-3 0-0: Foul Ball, location: 2F 0-1: Ball 1-1: DOUBLE (Line Drive, 89D, EV 101.9 MPH)
|
|
Batting: SHB Duri Chilemba
|
0-0: Ball 1-0: Foul Ball, location: 2F 1-1: Foul Ball, location: 2F 1-2: Strikes out swinging
|
|
Batting: RHB Emil Wilbrink
|
0-0: Swinging Strike 0-1: Fly out, F7 (Flyball, 7S, EV 81.9 MPH)
|
| Bottom of the 6th over - 0 runs, 2 hits, 0 errors, 1 left on base; Staten Island 0 - Connecticut 5 |
| TOP OF THE 7TH |
|
Staten Island Yankees batting - Pitching for Connecticut Tigers : RHP Jared Barger
|
|
Batting: SHB Josh Parker
|
0-0: Ball 1-0: Called Strike 1-1: Called Strike 1-2: Foul Ball, location: 2F 1-2: Foul Ball, location: 2F 1-2: Ball 2-2: SINGLE (Groundball, 4D, EV 98.1 MPH)
|
|
Batting: LHB Mike Schermerhorn
|
0-0: Ball 1-0: Swinging Strike 1-1: Ball 2-1: Ball 3-1: Fielders Choice at 2nd, 6-4 (Groundball, 6, EV 88.8 MPH)
|
|
Pitching: RHP Fernando Fierros
|
|
|
Now at 2B: Orlando Blanco
|
|
|
Batting: SHB Tadaaki Kondo
|
0-0: Fly out, F8 (Flyball, 78M, EV 81.9 MPH)
|
|
Batting: RHB Nate Singleton
|
0-0: Called Strike 0-1: Ball 1-1: Ball 2-1: Ball 3-1: DOUBLE (Line Drive, 9LM, EV 106.9 MPH) Mike Schermerhorn to third
|
|
Batting: SHB Adam Slade
|
0-0: Ground out U3 (Groundball, 34, EV 90.6 MPH)
|
| Top of the 7th over - 0 runs, 2 hits, 0 errors, 2 left on base; Staten Island 0 - Connecticut 5 |
| BOTTOM OF THE 7TH |
|
Connecticut Tigers batting - Pitching for Staten Island Yankees : LHP John Stull
|
|
Batting: LHB Bobby Adams
|
0-0: Ball 1-0: Foul Ball, location: 2F 1-1: Called Strike 1-2: Ball 2-2: Foul Ball, location: 2F 2-2: Foul Ball, location: 2F 2-2: Ground out 6-3 (Groundball, 6, EV 95.6 MPH)
|
|
Batting: LHB Claudio Kamminga
|
0-0: Ball 1-0: Fly out, F8 (Flyball, 8LM, EV 75.0 MPH)
|
|
Batting: LHB Andy Sanchez
|
0-0: Called Strike 0-1: Ball 1-1: Ball 2-1: Swinging Strike 2-2: Ball 3-2: Foul Ball, location: 2F 3-2: Strikes out looking
|
| Bottom of the 7th over - 0 runs, 0 hits, 0 errors, 0 left on base; Staten Island 0 - Connecticut 5 |
| TOP OF THE 8TH |
|
Staten Island Yankees batting - Pitching for Connecticut Tigers : RHP Fernando Fierros
|
|
Batting: RHB Junki Nakamoto
|
0-0: Called Strike 0-1: Fly out, F9 (Flyball, 9D, EV 86.2 MPH)
|
|
Batting: LHB Joe Vida
|
0-0: Ball 1-0: Foul Ball, location: 2F 1-1: Foul Ball, location: 2F 1-2: Foul Ball, location: 2F 1-2: Strikes out swinging
|
|
Batting: RHB Pat Pemberton
|
0-0: SOLO HOME RUN (Flyball, 7D, EV 106.9 MPH), Distance : 407 ft
|
|
Batting: RHB Nick Murray
|
0-0: Ball 1-0: Ground out 1-3 (Groundball, 34S, EV 65.6 MPH)
|
| Top of the 8th over - 1 run, 1 hit, 0 errors, 0 left on base; Staten Island 1 - Connecticut 5 |
| BOTTOM OF THE 8TH |
|
Connecticut Tigers batting - Pitching for Staten Island Yankees : LHP John Stull
|
|
Pitching: RHP Nate LaCava
|
|
|
Batting: LHB Jon Pedlar
|
0-0: Foul Ball, location: 2F 0-1: Ball 1-1: Foul Ball, location: 2F 1-2: Strikes out swinging
|
|
Batting: LHB Glen Boyle
|
0-0: Ball 1-0: Swinging Strike 1-1: Foul Ball, location: 2F 1-2: Foul Ball, location: 2F 1-2: Strikes out swinging
|
|
Batting: RHB Orlando Blanco
|
0-0: Ball 1-0: Ball 2-0: Called Strike 2-1: Called Strike 2-2: Foul Ball, location: 2F 2-2: Strikes out looking
|
| Bottom of the 8th over - 0 runs, 0 hits, 0 errors, 0 left on base; Staten Island 1 - Connecticut 5 |
| TOP OF THE 9TH |
|
Staten Island Yankees batting - Pitching for Connecticut Tigers : RHP Fernando Fierros
|
|
Now at 1B: Bobby Adams
|
|
|
Now at 3B: Sergio Valbuena
|
|
|
Now at SS: Duri Chilemba
|
|
|
Batting: SHB Josh Parker
|
0-0: Ground out 6-3 (Groundball, P, EV 78.8 MPH)
|
|
Batting: LHB Mike Schermerhorn
|
0-0: Swinging Strike 0-1: Foul Ball, location: 2F 0-2: Strikes out swinging
|
|
Batting: SHB Tadaaki Kondo
|
0-0: Ball 1-0: Called Strike 1-1: Ball 2-1: Ball 3-1: Base on Balls
|
|
Batting: RHB Nate Singleton
|
Balk! Tadaaki Kondo to second 0-0: Ball 1-0: SINGLE (Groundball, 4MD, EV 94.4 MPH) Tadaaki Kondo to third
|
|
Batting: SHB Adam Slade
|
0-0: Ball 1-0: Swinging Strike 1-1: Foul Ball, location: 2F 1-2: Ball 2-2: Ball 3-2: Strikes out swinging
|
| Top of the 9th over - 0 runs, 1 hit, 0 errors, 2 left on base; Staten Island 1 - Connecticut 5 |
|